Map: Beckett Industries LE

Players

Kas

  • Race: Terran Terran

Reynor - Winner!

  • Race: Zerg Zerg

Event: DreamHack SC2 Masters 2021 Fall

VOD

Have the link to the VOD?

Description

Time

  • Played on: July 28, 2021, 11:46 a.m.
  • Length: 7:34

All games in this series

Show
View Real Time Build Order
Export as new Build Order

Kas Terran 

Build Orders: Reaper Expand 

Get SALT Encoding   

  12  0:00  SCV  
  13  0:12  SCV  
  14  0:17  Supply Depot  
  14  0:24  SCV  
  15  0:38  SCV  
  15  0:39  Barracks  
  16  0:44  Refinery  
  16  0:50  SCV  
  17  1:03  SCV  
  18  1:15  SCV  
  19  1:26  Reaper  
  19  1:27  Orbital Command  
  20  1:41  Command Center  
  20  1:52  SCV  
  22  2:05  SCV  
  22  2:07  Supply Depot  
  23  2:08  Factory  
  22  2:17  SCV  
  22  2:21  Barracks Reactor  
  23  2:29  SCV  
  24  2:41  SCV  
  24  2:42  Command Center  
  25  2:53  SCV  
  25  2:54  Orbital Command  
  26  3:03  Hellion  
  26  3:04  Hellion  
  26  3:05  SCV  
  31  3:08  Barracks Tech Lab  
  31  3:17  Barracks  
  31  3:19  SCV  
  32  3:20  SCV  
  35  3:27  Hellion x2  
  35  3:31  SCV  
  38  3:34  Marine, Stimpack  
  38  3:37  SCV  
  40  3:42  Refinery  
  40  3:43  SCV  
  41  3:49  SCV  
  41  3:53  Marine  
  41  3:55  SCV, Orbital Command  
  44  4:01  SCV  
  45  4:07  SCV, Factory Tech Lab  
  45  4:09  Bunker  
  44  4:11  Bunker, Marauder  
  44  4:15  SCV  
  44  4:16  Marine x2  
  49  4:26  Siege Tank  
  52  4:34  Marine  
  52  4:35  Marine, Marauder  
  48  4:44  Orbital Command  
  41  4:51  SCV  
  41  4:52  Marine x2  
  34  4:55  SCV  
  34  4:56  Marine  
  31  5:05  SCV  
  28  5:07  SCV, Siege Tank  
  28  5:10  Marine  
  30  5:14  SCV  
  30  5:17  SCV  
  30  5:19  SCV  
  31  5:24  Marine  
  31  5:25  Marine  
  31  5:26  SCV  
  31  5:27  Combat Shield  
  34  5:29  SCV  
  34  5:31  SCV  
  36  5:38  SCV  
  36  5:39  Marine  
  36  5:41  Hellion  
  36  5:42  Marine  
  40  5:43  SCV  
  40  5:44  Marine  
  40  5:46  SCV  
  44  5:56  Marine  
  45  5:58  SCV  
  45  6:00  Marine, Supply Depot  
  45  6:01  SCV, Supply Depot  
  45  6:02  Marine  
  45  6:03  SCV  
  50  6:10  SCV  
  51  6:13  SCV  
  51  6:14  Marine, Barracks  
  53  6:21  Marine x2, SCV, Siege Tank  
  53  6:22  SCV  
  53  6:25  SCV  
  61  6:32  Marine  
  62  6:33  SCV  
  62  6:36  Supply Depot x2  
  62  6:39  Marine x2  
  65  6:42  SCV x2  
  67  6:50  Marine  
  64  6:55  Siege Tank  
  64  6:56  Marine  
  64  6:57  Marine, SCV  
  64  7:00  Marine  
  71  7:08  Marine, SCV  
  73  7:10  SCV  
  73  7:14  Marine  
  73  7:15  Marine  
Show
View Real Time Build Order
Export as new Build Order

Reynor Zerg - Winner!

Build Orders: Hatch First 

Get SALT Encoding   

  12  0:00  Drone  
  13  0:12  Overlord  
  13  0:17  Drone  
  14  0:30  Drone x2  
  16  0:48  Hatchery  
  15  0:52  Drone  
  15  0:56  Drone  
  17  0:59  Drone  
  18  1:12  Extractor  
  18  1:15  Spawning Pool  
  18  1:18  Drone  
  17  1:21  Drone  
  18  1:27  Drone  
  19  1:38  Drone  
  20  1:49  Overlord  
  20  2:01  Queen x2  
  20  2:02  Zergling x4  
  26  2:10  Drone  
  26  2:11  Drone  
  28  2:22  Drone x2  
  30  2:34  Hatchery  
  28  2:37  Drone  
  29  2:44  Roach Warren, Drone  
  29  2:47  Drone  
  30  2:51  Drone  
  30  2:54  Drone  
  30  2:57  Overlord  
  32  3:04  Overlord  
  32  3:25  Roach x5  
  32  3:27  Roach  
  44  3:31  Roach  
  46  3:37  Zergling x2  
  47  3:42  Overlord  
  47  3:48  Queen, Overlord  
  49  3:57  Drone  
  49  3:58  Drone x4  
  54  4:04  Ravager x2  
  54  4:05  Drone x2  
  54  4:07  Queen  
  60  4:12  Drone x2  
  60  4:14  Drone  
  63  4:18  Ravager, Overlord  
  63  4:21  Drone  
  63  4:23  Drone  
  66  4:28  Drone x3  
  69  4:36  Drone x2  
  69  4:38  Drone  
  68  4:40  Overlord  
  68  4:42  Drone  
  68  4:48  Drone  
  68  4:50  Ravager  
  68  4:51  Drone  
  68  4:52  Queen  
  70  4:53  Drone  
  70  4:54  Drone x2  
  70  4:56  Drone x2  
  74  5:03  Overlord  
  72  5:11  Drone x2  
  68  5:14  Drone  
  68  5:15  Drone  
  68  5:17  Extractor  
  68  5:18  Extractor  
  68  5:19  Drone  
  66  5:22  Extractor, Metabolic Boost, Drone x3  
  66  5:23  Drone x4  
  66  5:24  Drone x2  
  66  5:25  Drone  
  76  5:28  Drone  
  76  5:30  Queen  
  76  5:35  Zergling x2  
  79  5:37  Zergling x2  
  79  5:41  Drone x2  
  82  5:48  Zergling x2  
  83  5:51  Lair, Drone x2  
  83  5:52  Drone  
  83  5:53  Extractor  
  83  5:54  Zergling x4  
  83  5:55  Zergling x6, Extractor  
  83  5:56  Overlord x2  
  89  5:57  Hatchery  
  89  6:01  Overlord  
  89  6:03  Zergling x4  
  90  6:09  Overlord  
  90  6:13  Evolution Chamber, Overlord  
  90  6:14  Queen, Evolution Chamber  
  90  6:15  Zergling x2  
  90  6:18  Zergling x2  
  92  6:23  Zergling x8  
  92  6:24  Zergling x4  
  99  6:25  Zergling x2  
  99  6:29  Zergling x4  
  101  6:33  Zergling x6  
  101  6:36  Zergling x2  
  101  6:38  Drone  
  106  6:46  Zergling x2  
  107  6:47  Overlord  
  107  6:50  Zergling x8  
  107  6:51  Zergling x2  
  97  6:59  Roach  
  97  7:00  Roach x3  
  104  7:05  Zergling x6, Roach  
  109  7:08  Drone  
  109  7:09  Overlord  
  109  7:10  Spire  
  109  7:11  Roach  
  109  7:13  Roach  

Tags
 
Add a new tag
Caveats
  • Supply blocks, unpowered buildings, or Contaminate may cause inaccurate times.
  • Supply counts are checked every 10 seconds.